 Dungeon Crawl Stone Soup version 0.29-a0-962-gc8bbfd0a37 (webtiles) character file.

Game seed: 13278203062558467916

558344 siradein the Acrobat (level 24, 0/228 HPs)
             Began as a Minotaur Fighter on July 28, 2022.
             Was the Champion of Jiyva.
             Killed from afar by a red draconian scorcher (27 damage)
             ... with damnation
             ... led by a black draconian knight
             ... on level 1 of the Realm of Zot on July 31, 2022.
             The game lasted 02:44:46 (51423 turns).

siradein the Acrobat (Minotaur Fighter)            Turns: 51423, Time: 02:44:46

Health: 0/228      AC: 34    Str: 18    XL:     24   Next: 68%
Magic:  29/29      EV: 21    Int:  3    God:    Jiyva [******]
Gold:   1940       SH: 30    Dex: 26    Spells: 23/23 levels left

rFire   + + +      SeeInvis .   W - +10 morningstar "Eos" {elec, Halo rElec}
rCold   + + +      Faith    .   J - +0 tower shield
rNeg    + . .      Spirit   .   H - +1 gold dragon scales
rPois   +          Reflect  +   (helmet unavailable)
rElec   +          Harm     .   r - +1 cloak of the Old World {+Blink rC+ Str-4 Slay+2}
rCorr   +          Rampage  .   E - +0 pair of fencer's gloves {Riposte Dex+3}
Will    ++...                   O - +3 pair of mountain boots {steadfast, rC+}
Stlth   ..........              G - amulet "Quzud" {Reflect rF++ rC+ Regen+ rCorr SH+5}
HPRegen 2.88/turn               b - ring of Qamikk {rN+ Will+ Slay+4}
MPRegen 0.71/turn               U - ring "Weakonop" {rF+ rC+ EV+4 Dex+2 Stlth+}

@: glowing, studying 3 skills, unable to read
A: horns 3, retaliatory headbutt, cold resistance 3, dopey 1, high MP 1, poison
resistance, wild magic 1, inability to read while threatened 1, sturdy frame 1
}: 4/15 runes: barnacled, slimy, silver, gossamer
a: Renounce Religion, Evoke Blink, Oozemancy, Slimify


You were on level 1 of the Realm of Zot.
You worshipped Jiyva.
Jiyva was exalted by your worship.
You visited 11 branches of the dungeon, and saw 49 of its levels.
You visited 2 bazaars.
You also visited: Trove, Sewer, Ossuary, Bailey, Wizlab and Desolation.

You collected 5530 gold pieces.
You spent 3590 gold pieces at shops.

Inventory:

Hand Weapons
 W - the +10 morningstar "Eos" (weapon) {elec, Halo rElec}
   (You took it off a deep elf annihilator on level 15 of the Dungeon)

   It occasionally discharges a powerful burst of electricity upon striking a
   foe.
   It grants its wielder a halo, revealing invisible creatures and increasing
   accuracy against all within it other than the wielder.
   rElec:     It insulates you from electricity.
Missiles
 x - 31 boomerangs (quivered)
 I - 5 throwing nets
 K - 3 javelins
Armour
 e - the +3 pair of gloves of the Sun {Fly rF+ Str+7}
   (You acquired it on level 3 of the Shoals)

   Str:       It affects your strength (+7).
   rF:        It protects you from fire.
   Fly:       It grants you flight.
 l - a +1 hat of intelligence
 r - the +1 cloak of the Old World (worn) {+Blink rC+ Str-4 Slay+2}
   (You found it on level 3 of the Depths)

   Str:       It affects your strength (-4).
   Slay:      It affects your accuracy & damage with ranged weapons and melee
   (+2).
   rC:        It protects you from cold.
   +Blink:    It lets you blink.
 C - the +3 pair of seven-league boots {Rampage+∞}
   (You found it on level 2 of the Depths)

   Its wearer moves as far as possible in that direction when moving towards
   enemies.
 E - the +0 pair of fencer's gloves (worn) {Riposte Dex+3}
   (You bought it in a shop in a bazaar)

   It allows the wearer to riposte with melee weapons, swiftly retaliating
   against missed or blocked melee attacks.
   Dex:       It affects your dexterity (+3).
 H - +1 gold dragon scales (worn)
 J - a +0 tower shield (worn)
 O - the +3 pair of mountain boots (worn) {steadfast, rC+}
   (You bought it in a shop on level 10 of the Dungeon)

   It prevents involuntary movement, except for blinking, teleportation, or
   banishment.
   rC:        It protects you from cold.
Jewellery
 b - the ring of Qamikk (left hand) {rN+ Will+ Slay+4}
   (You found it in the Desolation of Salt)

   [ring of slaying]

   Slay:      It affects your accuracy & damage with ranged weapons and melee
   (+4).
   rN:        It protects you from negative energy.
   Will:      It increases your willpower.
 f - the ring of Lady Luck {rPois rF++ Int+4}
   (You found it in a treasure trove)

   [ring of poison resistance]

   Int:       It affects your intelligence (+4).
   rF:        It greatly protects you from fire.
   rPois:     It protects you from poison.
 G - the amulet "Quzud" (around neck) {Reflect rF++ rC+ Regen+ rCorr SH+5}
   (You took it off a deep elf death mage on level 3 of the Elven Halls)

   [amulet of reflection]

   It reflects blocked missile attacks.
   rF:        It greatly protects you from fire.
   rC:        It protects you from cold.
   Regen:     It increases your rate of health regeneration.
   rCorr:     It protects you from acid and corrosion.
   SH:        It affects your SH (+5).
 S - the ring "Xorup" {Will+ Str+5 Dex+6}
   (You bought it in a shop on level 2 of the Orcish Mines)

   [ring of dexterity]

   Str:       It affects your strength (+5).
   Dex:       It affects your dexterity (+6).
   Will:      It increases your willpower.
 U - the ring "Weakonop" (right hand) {rF+ rC+ EV+4 Dex+2 Stlth+}
   (You found it on level 5 of the Pits of Slime)

   [ring of evasion]

   EV:        It affects your evasion (+4).
   Dex:       It affects your dexterity (+2).
   rF:        It protects you from fire.
   rC:        It protects you from cold.
   Stlth:     It makes you more stealthy.
 X - the ring "Hempu" {rN+ rCorr Int+3}
   (You found it in a treasure trove)

   [ring of resist corrosion]

   Int:       It affects your intelligence (+3).
   rN:        It protects you from negative energy.
   rCorr:     It protects you from acid and corrosion.
Wands
 s - a wand of digging (6)
 v - a wand of flame (49)
 w - a wand of mindburst (8)
 z - a wand of polymorph (4)
 N - a wand of charming (22)
 V - a wand of iceblast (17)
 Y - a wand of light (31)
Scrolls
 g - 5 scrolls of blinking
 j - a scroll of magic mapping
 k - 13 scrolls of identify
 o - 13 scrolls of teleportation
 p - 9 scrolls of immolation
 t - 2 scrolls of summoning
 y - 5 scrolls of brand weapon
 B - 7 scrolls of fear
 Q - 7 scrolls of butterflies
 R - 3 scrolls of enchant weapon
Potions
 a - 10 potions of heal wounds
 d - 6 potions of might
 h - 5 potions of magic
 i - 3 potions of resistance
 m - 5 potions of mutation
 n - 23 potions of curing
 u - a potion of invisibility
 A - 6 potions of haste
 D - 8 potions of lignification
 F - 8 potions of berserk rage
 L - 4 potions of brilliance
 Z - 4 potions of ambrosia
Miscellaneous
 c - a condenser vane
 q - a lightning rod (4/4)
 M - a box of beasts
 P - a phial of floods
 T - a phantom mirror


   Skills:
 + Level 21.4 Fighting
 - Level 16.0 Maces & Flails
 + Level 18.1 Throwing
 + Level 21.5 Armour
 + Level 21.9 Dodging
 + Level 9.6 Stealth
 + Level 21.5 Shields
 - Level 5.7 Invocations
 + Level 15.5 Evocations


You had 23 spell levels left.
You didn't know any spells.
Your spell library contained the following spells:

 Spells                   Type           Power      Damage    Failure   Level
 Apportation              Tloc           0%         N/A       100%        1
 Foxfire                  Conj/Fire      0%         2x1d4     100%        1
 Magic Dart               Conj           0%         1d3       100%        1
 Necrotise                Necr           0%         1d4       100%        1
 Sandblast                Erth           0%         2d4       100%        1
 Slow                     Hex            0%         N/A       100%        1
 Summon Small Mammal      Summ           0%         N/A       100%        1
 Blink                    Tloc           0%         N/A       100%        2
 Passwall                 Tmut/Erth      0%         N/A       100%        2
 Poisonous Vapours        Pois/Air       0%         N/A       100%        2
 Static Discharge         Conj/Air       0%         3-3/arc   100%        2
 Sublimation of Blood     Necr           0%         N/A       100%        2
 Wereblood                Tmut           0%         N/A       100%        2
 Conjure Flame            Conj/Fire      0%         6-21      100%        3
 Gell's Gravitas          Tloc           0%         N/A       100%        3
 Ignite Poison            Fire/Tmut/Pois 0%         N/A       100%        3
 Inner Flame              Hex/Fire       0%         N/A       100%        3
 Mephitic Cloud           Conj/Pois/Air  0%         N/A       100%        3
 Portal Projectile        Hex/Tloc       0%         N/A       100%        3
 Spider Form              Tmut/Pois      0%         N/A       100%        3
 Stone Arrow              Conj/Erth      0%         3d7       100%        3
 Summon Guardian Golem    Hex/Summ       0%         N/A       100%        3
 Swiftness                Air            0%         N/A       100%        3
 Teleport Other           Tloc           0%         N/A       100%        3
 Tukima's Dance           Hex            0%         N/A       100%        3
 Vampiric Draining        Necr           0%         2d6       100%        3
 Anguish                  Hex/Necr       0%         N/A       100%        4
 Animate Armour           Summ/Erth      0%         N/A       100%        4
 Cause Fear               Hex            0%         N/A       100%        4
 Corpse Rot               Necr/Pois/Air  0%         N/A       100%        4
 Dispel Undead            Necr           0%         3d6       100%        4
 Flame Wave               Conj/Fire      0%         2d4       100%        4
 Fulminant Prism          Conj/Hex       0%         3d6       100%        4
 Iskenderun's Mystic Bla  Conj/Tloc      0%         2d3       100%        4
 Petrify                  Tmut/Erth      0%         N/A       100%        4
 Sticky Flame             Conj/Fire      0%         2d3       100%        4
 Agony                    Necr           0%         N/A       100%        5
 Alistair's Intoxication  Tmut/Pois      0%         N/A       100%        5
 Blade Hands              Tmut           0%         N/A       100%        5
 Borgnjor's Vile Clutch   Necr/Erth      0%         N/A       100%        5
 Fireball                 Conj/Fire      0%         3d3       100%        5
 Irradiate                Conj/Tmut      0%         3d11      100%        5
 Lee's Rapid Deconstruct  Erth           0%         3d5*      100%        5
 Manifold Assault         Tloc           0%         N/A       100%        5
 Summon Mana Viper        Hex/Summ       0%         N/A       100%        5
 Conjure Ball Lightning   Conj/Air       0%         3x3d6     100%        6
 Death Channel            Necr           0%         N/A       100%        6
 Dispersal                Tloc           0%         N/A       100%        6
 Eringya's Noxious Bog    Tmut/Pois      0%         N/A       100%        6
 Iron Shot                Conj/Erth      0%         9d1       100%        6
 Starburst                Conj/Fire      0%         6d3       100%        6
 Enfeeble                 Hex            0%         N/A       100%        7
 Malign Gateway           Summ/Tloc      0%         N/A       100%        7
 Orb of Destruction       Conj           0%         9d5       100%        7
 Spellforged Servitor     Conj/Summ      0%         N/A       100%        7
 Storm Form               Tmut/Air       0%         N/A       100%        7
 Summon Hydra             Summ           0%         N/A       100%        7
 Borgnjor's Revivificati  Necr           0%         N/A       100%        8
 Discord                  Hex            0%         N/A       100%        8
 Disjunction              Tloc           0%         N/A       100%        8
 Ignition                 Fire           0%         3d3       100%        8
 Necromutation            Tmut/Necr      0%         N/A       100%        8
 Summon Horrible Things   Summ           0%         N/A       100%        8
 Death's Door             Necr           0%         N/A       100%        9


Dungeon Overview and Level Annotations

Branches:
Dungeon (15/15)            Temple (1/1) D:7            Lair (5/5) D:10
 Shoals (4/4) Lair:2       Spider (4/4) Lair:2        Slime (5/5) Lair:4
    Orc (2/2) D:11            Elf (3/3) Orc:2        Vaults (5/5) D:13
  Crypt (0/3) Vaults:3     Depths (4/4) D:15            Zot (1/5) Depths:4
  Sewer (visited)         Ossuary (visited)          Bailey (visited)
 WizLab (visited)         Desolation (visited)

Altars:
Ashenzari
Cheibriados
Dithmenos
Elyvilon
Fedhas
Gozag
Hepliaklqana
Kikubaaqudgha
Makhleb
Nemelex Xobeh
Okawaru
Qazlal
Ru
Sif Muna
Trog
Uskayaw
Vehumet
Wu Jian
Xom
Yredelemnul
Zin
The Shining One
Jiyva

Shops:
D:5 =   D:10 [   D:12 (   Orc:2 ?*=:   Elf:2 [   Shoals:2 [

Portals:
Hell: Depths:1 Depths:2 Depths:3 Depths:4
Abyss: Depths:3 Depths:4
Pandemonium: Depths:2 Depths:3 Depths:4
Ziggurat: Depths:2

Annotations:
Slime:5 Royal Jelly
Zot:1 Grunn


Innate Abilities, Weirdness & Mutations

You have a pair of large horns on your head.
You reflexively headbutt those who attack you in melee.
Your flesh is almost immune to the effects of cold. (rC+++)
You are dopey. (Int -2)
You have an increased reservoir of magic. (+10% MP)
Your system is resistant to poisons. (rPois)
Your spells are a little harder to cast, but a little more powerful.
You occasionally lose the ability to read scrolls when taking damage.
Your movements are slightly less encumbered by armour. (ER -2)


Message History

The searing blast hits the red draconian!
The red draconian resists.
The red draconian dies!
The searing blast hits your azure jelly!!!
Your azure jelly is burned terribly!
Your azure jelly dies!
Your azure jelly dissolves into a puddle of slime!
The searing blast hits you. You resist.
* * * LOW HITPOINT WARNING * * *
The doom hound unleashes a terrible howl, and it begins to echo in your mind!
The quicksilver dragon breathes dispelling energy at you.
The bolt of dispelling energy hits you!!
Your magical effects are unravelling.
* * * LOW HITPOINT WARNING * * *
Unknown command.
The infernal howling subsides.
The red draconian scorcher is engulfed in blazing flames.
The quicksilver dragon completely misses you.
You riposte.
You skewer the quicksilver dragon like a kebab!!!
Lightning courses through the quicksilver dragon!!
You kill the quicksilver dragon!
The quicksilver dragon scales are intact enough to wear.
The black draconian breathes lightning at you.
The bolt of lightning hits you! You resist.
* * * LOW HITPOINT WARNING * * *
Unknown command.
The red draconian scorcher casts a spell at you.
The sphere of damnation explodes!
The damnation engulfs you!!
* * * LOW HITPOINT WARNING * * *
Grunn is engulfed in blazing flames.
Unknown command.
You feel much better.
The red draconian scorcher breathes fire at you.
The searing blast hits you. You resist.
* * * LOW HITPOINT WARNING * * *
The doom hound is engulfed in blazing flames.
The red draconian scorcher casts a spell at you.
The sphere of damnation explodes!
The damnation engulfs you!!
You die...

#...##....#
#.#
#..[##....#
#.#
#...###..##
#.# #..##
##.# #.# #..#
#.# #.# ##.##
#.. #.. #..#
##. ##.##
#@○## ##☼.##
##..## .
#.h.## ...
##..q###.....
##ghd)......
#.)D.......
##.........
#.........


You could see Grunn, 2 doom hounds, a storm dragon, a black draconian (catching
breath) and a red draconian scorcher (catching breath).

Vanquished Creatures
  Mara (Spider:3)
  An orb of fire (Zot:1)
  5 juggernauts
  Frederick (Vaults:3)
  4 golden dragons
  2 bone dragons (Depths:4)
  5 tentacled monstrosities
  A moon troll (WizLab)
  2 walking crystal tomes (Depths:2)
  Asterion (Elf:3)
  6 quicksilver dragons
  5 titans
  A walking frostbound tome (Depths:2)
  2 deep elf blademasters (Elf:3)
  3 deep elf master archers (Elf:3)
  2 death cobs
  8 sphinxes
  5 tentacled starspawn (WizLab)
  4 shadow dragons
  7 tengu reavers
  8 storm dragons
  2 draconian knights (Zot:1)
  Donald (Shoals:1)
  12 vault wardens
  An iron dragon (Depths:4)
  4 fire giants
  9 frost giants
  7 deep elf sorcerers
  2 draconian scorchers (Zot:1)
  5 orc warlords
  7 ghost moths
  2 imperial myrmidons (Desolation)
  9 emperor scorpions
  3 angels
  A cacodemon (WizLab)
  3 draconian stormcallers
  22 ironbound preservers
  A broodmother (Spider:2)
  7 deep elf elementalists
  3 war gargoyles
  28 very ugly things
  4 ironbound thunderhulks
  3 deep elf demonologists (Elf:3)
  23 stone giants
  4 spriggan defenders
  3 black draconians
  2 vampire knights
  4 green draconians
  3 halazid warlocks (Desolation)
  A white draconian (Depths:4)
  7 entropy weavers
  2 red draconians (Zot:1)
  2 yellow draconians
  2 purple draconians (Zot:1)
  11 spark wasps
  8 deep elf annihilators
  4 dire elephants
  Snorg (D:14)
  A blizzard demon (Depths:3)
  5 deep elf death magi
  3 eidola
  16 ettins
  A crystal guardian (WizLab)
  5 deep elf high priests
  12 fire dragons
  8 yaktaur captains
  4 merfolk impalers
  6 ragged hierophants (Desolation)
  5 jiangshi
  36 vault guards
  A rakshasa (D:15)
  15 boulder beetles
  7 ice dragons
  12 hydras
  4 peacekeepers (Desolation)
  4 spriggan air magi
  Erolcha (D:11)
  A jorogumo (Spider:2)
  6 ironbound frosthearts
  A catoblepas (Lair:5)
  3 servants of whispers (Desolation)
  6 ogre magi
  A radroach (Spider:1)
  6 merfolk avatars
  6 merfolk aquamancers (Shoals:4)
  3 tengu warriors
  20 centaur warriors
  2 alligator snapping turtles
  12 two-headed ogres
  26 dancing weapons
  10 deep troll shamans
  The ghost of JakeJacob the Cleaver, a journeyman GrFi of Ashenzari (Lair:1)
  15 death yaks (Lair:5)
  5 satyrs
  A death knight (D:15)
  A vampire mage (Vaults:3)
  10 deep troll earth magi
  6 spriggan berserkers
  A shock serpent (shapeshifter) (Vaults:5)
  A sun demon (Depths:2)
  4 orc high priests (Orc:2)
  A wretched star (WizLab)
  23 deep elf knights
  23 hell knights
  6 spriggans
  A sun moth (Spider:2)
  A sixfirhy (D:7)
  2 spriggan riders (Depths:3)
  16 sea snakes
  9 pharaoh ants
  16 iron trolls
  9 skeletal warriors
  3 death drakes (Depths:3)
  An obsidian statue (Vaults:2)
  An orange crystal statue (WizLab)
  5 orb spiders
  8 wizards
  82 deep trolls
  17 deep elf archers
  7 steelbarb worms
  A bog body (Lair:5)
  15 orc knights
  14 harpies
  2 flayed ghosts
  7 phantasmal warriors
  5 lindwurms
  Pikel (D:8)
  A wolf spider zombie (Lair:2)
  A harpy (shapeshifter) (D:14)
  35 deep elf pyromancers
  6 necromancers
  22 ironbound convokers
  43 ugly things
  A frost giant zombie (Vaults:1)
  An oklob plant (Spider:2)
  8 orc sorcerers
  7 fauns
  20 wolf spiders
  27 deep elf zephyrmancers
  14 cyclopes
  5 moths of wrath
  19 manticores
  23 elephants
  7 torpor snails
  9 black mambas
  6 water nymphs
  7 merfolk sirens
  11 vault sentinels
  4 guardian serpents
  2 unseen horrors (shapeshifter)
  8 large abominations (Depths:3)
  A gargoyle (D:12)
  Maggie (D:8)
  17 cane toads
  A redback zombie (Orc:2)
  21 demonic crawlers
  2 unseen horrors (Depths:3)
  3 rime drakes
  4 freezing wraiths
  A yaktaur (shapeshifter) (Elf:2)
  An efreet (D:15)
  21 yaktaurs
  2 tengu conjurers
  9 komodo dragons
  23 merfolk
  A troll (shapeshifter) (D:15)
  4 polar bears
  5 trolls
  A wind drake (shapeshifter) (D:15)
  10 hornets
  6 meliai
  3 meliai (shapeshifter)
  20 tarantellas
  A polar bear (shapeshifter) (D:15)
  A hornet (shapeshifter) (D:15)
  2 slime creatures (Lair:1)
  6 wind drakes
  9 dream sheep
  39 saltlings (Desolation)
  8 snapping turtles
  3 air elementals
  A centaur simulacrum (D:15)
  A vampire (D:12)
  20 culicivoras
  24 jumping spiders
  2 shadows
  9 water elementals
  24 yaks
  5 basilisks
  4 wraiths
  A yak (shapeshifter) (D:15)
  16 wyverns
  2 fire elementals
  2 humans (D:7)
  A chaos spawn (Depths:3)
  3 neqoxecs (WizLab)
  2 steam dragons
  48 redbacks
  2 vampire mosquitoes
  4 wargs
  3 acid dragons
  14 two-headed ogre zombies (Orc:1)
  14 water moccasins
  An ogre zombie (Vaults:1)
  A glowing shapeshifter skeleton (Vaults:1)
  2 hornet zombies
  52 orc warriors
  2 ice beasts
  A black bear (D:7)
  12 wolves
  7 centaurs
  14 ogres
  20 starcursed masses (WizLab)
  2 boggarts (Vaults:3)
  A human skeleton (Vaults:1)
  A phantom (D:6)
  7 bullfrogs
  3 kobold brigands
  Blork the orc (D:5)
  5 earth elementals
  A necrophage (D:5)
  4 scorpions
  3 wights (D:7)
  A hornet simulacrum (D:15)
  4 small abominations (Depths:3)
  11 killer bees
  4 howler monkeys
  2 electric eels (Lair:2)
  4 centaur zombies
  8 jellies
  2 human zombies
  33 orc priests
  A gnoll bouda (D:7)
  6 hounds
  18 orc wizards
  4 hell rats (Lair:3)
  A killer bee zombie (D:7)
  2 mummies (Ossuary)
  9 gnolls
  6 adders
  A river rat (Sewer)
  4 white imps
  2 adder zombies (Ossuary)
  A worm (D:3)
  4 dart slugs
  115 orcs
  4 bats
  4 endoplasms (D:1)
  4 giant cockroaches
  3 goblins
  5 hobgoblins
  7 jackals
  22 kobolds
  10 quokkas
  A ball python (D:3)
  11 hobgoblin zombies (Ossuary)
  14 kobold zombies (Ossuary)
  5 orc zombies (Ossuary)
  11 rats
  3 rat zombies (Ossuary)
  6 starspawn tentacles (WizLab)
2065 creatures vanquished.

Vanquished Creatures (collateral kills)
  An ancient champion (D:13)
  A hydra (D:11)
  A boulder beetle (D:15)
  An orb spider (Spider:4)
  A rime drake (Lair:1)
  2 dream sheep (Shoals:3)
  A culicivora (Spider:4)
  A wyvern (Lair:1)
  A yak (D:9)
  An ice beast (D:8)
  A kobold brigand (D:10)
  A bullfrog (Lair:1)
  An orc priest (D:11)
  An orc wizard (D:11)
  9 orcs (D:11)
  A kobold (D:10)
25 creatures vanquished.

Vanquished Creatures (others)
  A quicksilver dragon (Vaults:5)
  2 very ugly things (Vaults:1)
  2 entropy weavers (Spider:2)
  A red draconian (Zot:1)
  8 great orbs of eyes
  A yaktaur captain (Vaults:2)
  A merfolk avatar (Shoals:2)
  A dancing weapon (Elf:1)
  A deep elf knight (Elf:3)
  A deep troll (Vaults:4)
  2 glowing orange brains (WizLab)
  A lindwurm (shapeshifter) (Vaults:5)
  A wolf spider zombie (Lair:1)
  A wizard (Vaults:1)
  An ironbound convoker (Vaults:3)
  A deep elf pyromancer (D:12)
  An ugly thing (Vaults:1)
  2 deep elf zephyrmancers
  4 eyes of devastation (WizLab)
  A moth of wrath (shapeshifter) (Vaults:5)
  A shining eye (shapeshifter) (Vaults:2)
  A vault sentinel (Vaults:1)
  A gargoyle (D:12)
  4 yaktaurs
  A merfolk (Shoals:4)
  14 slime creatures
  A raiju (shapeshifter) (Vaults:2)
  5 starcursed masses (WizLab)
  A redback (D:13)
  A warg (Orc:2)
  A cane toad zombie (Lair:1)
  8 acid dragons
  A floating eye (shapeshifter) (Vaults:5)
  An orc warrior (Orc:2)
  2 boggarts (Vaults:3)
  A rime drake zombie (Lair:1)
  A wyvern zombie (Lair:1)
  259 jellies
  5 wolf zombies (Lair:1)
  2 bullfrog zombies
  6 orc priests (Orc:2)
  2 orc wizards
  A killer bee zombie (D:9)
  A howler monkey zombie (D:9)
  11 orcs
  2 kobold zombies (D:9)
  9 orc zombies (D:11)
  A bush (Lair:5)
  14 demonic plants (WizLab)
  78 fungi
  A pillar of salt (Desolation)
  231 plants
  14 starspawn tentacles (WizLab)
  2 withered plants
718 creatures vanquished.

Grand Total: 2808 creatures vanquished

Notes
Turn   | Place    | Note
-------+----------+-------------------------------------------
     0 | D:1      | siradein the Minotaur Fighter began the quest for the Orb.
     0 | D:1      | Reached XP level 1. HP: 19/19 MP: 0/0
   213 | D:1      | Reached XP level 2. HP: 27/27 MP: 1/1
   499 | D:1      | Reached XP level 3. HP: 33/33 MP: 2/2
   816 | D:1      | Found a faded altar of an unknown god.
  2187 | D:3      | Reached XP level 4. HP: 30/40 MP: 3/3
  2744 | D:4      | Noticed a scorpion
  2767 | D:4      | Killed a scorpion
  2820 | D:4      | Reached skill level 1 in Dodging
  2820 | D:4      | Reached XP level 5. HP: 29/47 MP: 4/4
  3123 | D:4      | Found a sand-covered staircase.
  3130 | Ossuary  | Entered an ossuary
  3176 | Ossuary  | Reached skill level 1 in Throwing
  3354 | Ossuary  | Reached XP level 6. HP: 33/53 MP: 5/5
  4010 | D:5      | Entered Level 5 of the Dungeon
  4019 | D:5      | Found Sadghe Diadgh's Jewellery Shop.
  4177 | D:5      | Reached skill level 5 in Maces & Flails
  4339 | D:5      | Reached skill level 5 in Fighting
  4394 | D:5      | Reached skill level 5 in Armour
  4544 | D:5      | Reached skill level 5 in Shields
  4544 | D:5      | Reached XP level 7. HP: 61/61 MP: 6/6
  4920 | D:5      | Noticed Blork the orc
  5016 | D:6      | Found a glowing drain.
  5035 | Sewer    | Entered a sewer
  5197 | Sewer    | Found a white marble altar of Elyvilon.
  5386 | D:6      | Reached XP level 8. HP: 70/70 MP: 7/7
  6039 | D:7      | Found a runed translucent door.
  6039 | D:7      | Noticed a sixfirhy
  6054 | D:7      | Found an iron altar of Okawaru.
  6095 | D:7      | Reached XP level 9. HP: 60/78 MP: 8/8
  6102 | D:7      | Found a flagged portal.
  6335 | Bailey   | Entered a bailey
  6557 | Bailey   | Reached skill level 5 in Dodging
  6685 | Bailey   | Found a large runed translucent door.
  6685 | Bailey   | Found a large runed translucent door.
  6686 | Bailey   | Noticed a deep elf pyromancer
  6723 | Bailey   | Noticed an orc knight
  6732 | Bailey   | Killed an orc knight
  6733 | Bailey   | Reached skill level 5 in Throwing
  7097 | Bailey   | Killed a deep elf pyromancer
  7315 | D:7      | Found a sparkling altar of Nemelex Xobeh.
  7394 | D:7      | Reached XP level 10. HP: 70/88 MP: 9/9
  7588 | D:7      | Found a staircase to the Ecumenical Temple.
  7596 | Temple   | Entered the Ecumenical Temple
  7631 | Temple   | Became a worshipper of Yredelemnul the Dark
  7796 | D:8      | Found a shimmering altar of Xom.
  7821 | D:8      | Reached * piety under Yredelemnul
  7828 | D:8      | Noticed Maggie
  7838 | D:8      | Killed Maggie
  8120 | D:8      | Noticed Pikel
  8139 | D:8      | Killed Pikel
  8219 | D:8      | Found a snail-covered altar of Cheibriados.
  8318 | D:8      | Found a hazy altar of Hepliaklqana.
  8319 | D:8      | Found a shadowy altar of Dithmenos.
  8540 | D:9      | You fall into a shaft and drop 3 floors!
  8563 | D:12     | Noticed a gargoyle
  8573 | D:12     | Killed a gargoyle
  8611 | D:12     | Found Vungout's Weapon Shop.
  8650 | D:11     | Noticed an eight-headed hydra
  8653 | D:11     | Killed an eight-headed hydra
  8662 | D:10     | Entered Level 10 of the Dungeon
  8743 | D:10     | Found a staircase to the Lair.
  8770 | D:10     | Reached ** piety under Yredelemnul
  8932 | D:9      | Identified the +0 robe of Lepseasm {rPois Regen+ Dex+4}
  8938 | D:9      | Found a bloodstained altar of Trog.
  8938 | D:9      | Found a glowing silver altar of Zin.
  9029 | D:9      | Reached XP level 11. HP: 74/97 MP: 10/10
  9331 | D:10     | Noticed a two-headed ogre
  9341 | D:10     | Killed a two-headed ogre
  9701 | D:10     | Reached *** piety under Yredelemnul
  9903 | D:10     | Found Asuwn's Antique Armour Boutique.
 10013 | D:10     | Found a sacrificial altar of Ru.
 10237 | D:11     | Found a staircase to the Orcish Mines.
 10351 | D:11     | Noticed Erolcha
 10396 | D:11     | Killed Erolcha
 10519 | D:11     | Reached skill level 1 in Invocations
 10678 | Lair:1   | Entered Level 1 of the Lair of Beasts
 10801 | Lair:1   | Reached skill level 1 in Evocations
 10995 | Lair:1   | Noticed a wolf spider
 11016 | Lair:1   | Killed a wolf spider
 11020 | Lair:1   | Reached **** piety under Yredelemnul
 11030 | Lair:1   | Reached ***** piety under Yredelemnul
 11131 | Lair:1   | Reached skill level 10 in Maces & Flails
 11200 | Lair:1   | Noticed an eight-headed hydra
 11207 | Lair:1   | Killed an eight-headed hydra
 11208 | Lair:1   | Reached skill level 10 in Fighting
 11208 | Lair:1   | Reached skill level 10 in Armour
 11208 | Lair:1   | Reached skill level 10 in Shields
 11309 | Lair:1   | Reached ****** piety under Yredelemnul
 11309 | Lair:1   | Reached XP level 12. HP: 35/106 MP: 12/12
 11558 | Lair:1   | Found a runed translucent gate.
 11558 | Lair:1   | Found a runed translucent gate.
 11558 | Lair:1   | Found a runed translucent gate.
 11559 | Lair:1   | Found a viscous altar of Jiyva.
 11810 | Lair:1   | Noticed JakeJacob's ghost (journeyman GrFi)
 11886 | Lair:1   | Killed JakeJacob's ghost
 12066 | Lair:1   | Fell from the grace of Yredelemnul
 12066 | Lair:1   | Became a worshipper of Jiyva Jucerih the Shapeless
 12230 | Lair:2   | Found a hole to the Spider Nest.
 12385 | Lair:2   | Reached * piety under Jiyva
 12679 | Lair:2   | Found a staircase to the Shoals.
 12790 | Lair:2   | Noticed a jiangshi
 12798 | Lair:2   | Killed a jiangshi
 12931 | Lair:3   | Identified the +2 plate armour of the Crypt {rElec SInv}
 12962 | Lair:3   | Reached ** piety under Jiyva
 12975 | Lair:3   | Found a dark tunnel.
 13430 | Lair:3   | Identified the +0 pair of gloves of Gibukuy {Int+5}
 13754 | Lair:4   | Reached *** piety under Jiyva
 13847 | Lair:4   | Noticed an eight-headed hydra
 13857 | Lair:4   | Killed an eight-headed hydra
 14061 | Lair:3   | Noticed a vampire knight
 14174 | Lair:4   | Gained mutation: You expend magic power (3 MP) to
                  | strengthen your wands. [Jiyva's grace]
 14174 | Lair:4   | Gained mutation: You have acidic saliva. [Jiyva's grace]
 14174 | Lair:4   | Gained mutation: Your system is resistant to poisons.
                  | (rPois) [Jiyva's grace]
 14174 | Lair:4   | Gained mutation: You passively map a small area around you.
                  | [Jiyva's grace]
 14218 | Lair:4   | Reached **** piety under Jiyva
 14243 | Lair:4   | Found a staircase to the Slime Pits.
 14243 | Lair:4   | Found a viscous altar of Jiyva.
 14374 | Slime:1  | Entered Level 1 of the Pits of Slime
 14458 | Slime:2  | Noticed a rockslime
 14459 | Slime:2  | Noticed an azure jelly
 14464 | Slime:2  | Noticed a rockslime
 14465 | Slime:2  | Noticed an azure jelly
 14465 | Slime:2  | Noticed a quicksilver ooze
 14472 | Slime:2  | Noticed a rockslime
 14486 | Slime:2  | Noticed a great orb of eyes
 14804 | Slime:3  | Noticed an acid blob
 14891 | Slime:4  | Noticed a quicksilver ooze
 14891 | Slime:4  | Noticed a rockslime
 15012 | Slime:5  | Entered Level 5 of the Pits of Slime
 15012 | Slime:5  | Noticed a great orb of eyes
 15046 | Slime:5  | Noticed an acid blob
 15048 | Slime:5  | Noticed a quicksilver ooze
 15055 | Slime:5  | Noticed a great orb of eyes
 15057 | Slime:5  | Noticed the Royal Jelly
 15067 | Slime:5  | Found a viscous altar of Jiyva.
 15067 | Slime:5  | Noticed an azure jelly
 15067 | Slime:5  | Noticed an acid blob
 15068 | Slime:5  | Noticed a rockslime
 15072 | Slime:5  | Noticed an acid blob
 15081 | Slime:5  | Noticed a quicksilver ooze
 15084 | Slime:5  | Noticed an acid blob
 15094 | Slime:5  | Noticed an acid blob
 15095 | Slime:5  | Noticed an azure jelly
 15097 | Slime:5  | Noticed an acid blob
 15217 | Slime:5  | Noticed a great orb of eyes
 15230 | Slime:5  | Noticed an acid blob
 15256 | Slime:5  | Noticed a rockslime
 15711 | Lair:4   | Reached XP level 13. HP: 115/116 MP: 15/15
 15725 | Lair:4   | Identified the +1 robe "Piox" {Harm rF+ Will+ Int+3}
 16249 | Lair:5   | Entered Level 5 of the Lair of Beasts
 16366 | Lair:5   | Reached skill level 5 in Invocations
 16598 | Lair:5   | Reached skill level 5 in Evocations
 16765 | Lair:5   | Reached skill level 10 in Dodging
 16917 | Lair:5   | Reached ***** piety under Jiyva
 16965 | Lair:5   | Lost mutation: Your system is resistant to poisons. (rPois)
                  | [Jiyva's grace]
 16965 | Lair:5   | Lost mutation: You have acidic saliva. [Jiyva's grace]
 16965 | Lair:5   | Gained mutation: Your melee attacks may engulf your foes in
                  | ooze. [Jiyva's grace]
 16965 | Lair:5   | Gained mutation: Your body has grown eyes which may confuse
                  | attackers. (Acc +3) [Jiyva's grace]
 16965 | Lair:5   | Gained mutation: Your body has grown many eyes which may
                  | confuse attackers. (Acc +5) [Jiyva's grace]
 16965 | Lair:5   | Gained mutation: Your body is covered in eyes which may
                  | confuse attackers. (Acc +7, SInv) [Jiyva's grace]
 17045 | Lair:5   | Identified the +4 scale mail of the Imp {*Corrode rElec
                  | rN+}
 17335 | Lair:5   | Reached XP level 14. HP: 96/125 MP: 17/17
 17457 | Lair:5   | Identified the +2 robe of Mordant Lucidity {rF+ Int-4 Dex+3
                  | Slay+3}
 17972 | Lair:5   | Noticed a vampire knight
 17972 | Lair:5   | Noticed a death cob
 17992 | Lair:5   | Paralysed by a vampire knight for 2 turns
 18018 | Lair:5   | Killed a vampire knight
 18695 | D:12     | Identified the +10 war axe "Xotoubye" {venom, +Blink}
 18718 | D:12     | Found a sacrificial altar of Ru.
 18904 | Orc:1    | Entered Level 1 of the Orcish Mines
 18904 | Orc:1    | Gained mutation: Armour fits poorly on your pseudopods.
                  | [Jiyva's grace]
 18904 | Orc:1    | Gained mutation: Armour fits poorly on your large
                  | pseudopods. [Jiyva's grace]
 18904 | Orc:1    | Gained mutation: Armour fits poorly on your massive
                  | pseudopods. [Jiyva's grace]
 18904 | Orc:1    | Gained mutation: You have a somewhat thin skeletal
                  | structure. (Dex +2, Stealth+) [Jiyva's grace]
 19172 | Orc:1    | Reached skill level 10 in Throwing
 19287 | Orc:1    | Noticed an orc warlord
 19442 | D:11     | Killed an orc warlord
 19669 | Orc:2    | Entered Level 2 of the Orcish Mines
 19781 | Orc:2    | Reached ****** piety under Jiyva
 20062 | Orc:2    | Found Nelodgh's Magic Scroll Boutique.
 20078 | Orc:2    | Bought a scroll of identify for 30 gold pieces
 20078 | Orc:2    | Bought a scroll of identify for 30 gold pieces
 20087 | Orc:2    | Found Nifitoa's General Store.
 20461 | Orc:2    | Identified the +1 quarterstaff "Solut" {antimagic, rF+
                  | Dex+4}
 20534 | Orc:2    | Found a staircase to the Elven Halls.
 20598 | Orc:2    | Paralysed by an orc sorcerer for 3 turns
 21218 | Orc:2    | Reached XP level 15. HP: 103/135 MP: 18/18
 21343 | Orc:2    | Noticed an orc warlord
 21368 | Orc:2    | Killed an orc warlord
 21398 | Orc:2    | Found Jomiep's Jewellery Shoppe.
 21418 | Orc:2    | Bought the ring "Xorup" {Will+ Str+5 Dex+6} for 945 gold
                  | pieces
 21440 | Orc:2    | Lost mutation: You passively map a small area around you.
                  | [Jiyva's grace]
 21440 | Orc:2    | Lost mutation: Your body is covered in eyes which may
                  | confuse attackers. (Acc +7, SInv) [Jiyva's grace]
 21440 | Orc:2    | Lost mutation: Your melee attacks may engulf your foes in
                  | ooze. [Jiyva's grace]
 21440 | Orc:2    | Gained mutation: You have a pair of large horns on your
                  | head. [Jiyva's grace]
 21440 | Orc:2    | Gained mutation: You have sharp toenails. [Jiyva's grace]
 21440 | Orc:2    | Gained mutation: You have razor-sharp toenails. [Jiyva's
                  | grace]
 21440 | Orc:2    | Gained mutation: You have claws for feet. [Jiyva's grace]
 21521 | Orc:2    | Found Xiedih's Book Emporium.
 22006 | Lair:5   | Killed a death cob
 22390 | Slime:5  | Identified the ring "Weakonop" {rF+ rC+ EV+4 Dex+2 Stlth+}
 22410 | Slime:5  | Got a slimy rune of Zot
 22444 | Slime:5  | Got Wig Bowo's Meditations on Allied Poisoning
 22467 | Slime:5  | Got the Tractate on Entrancing Vapour
 22889 | D:13     | Found a gate to the Vaults.
 23120 | D:13     | Noticed an ancient champion
 23297 | D:13     | Was forgiven by Yredelemnul
 23298 | D:13     | Noticed a death cob
 23299 | D:13     | Slimified a death cob
 23299 | D:13     | Noticed an acid blob
 23299 | D:13     | a death cob changed into an acid blob
 23509 | D:13     | Killed an ancient champion
 23647 | D:14     | Noticed Snorg
 23653 | D:14     | Killed Snorg
 23686 | D:14     | Lost mutation: You have claws for feet. [Jiyva's grace]
 23686 | D:14     | Lost mutation: Armour fits poorly on your massive
                  | pseudopods. [Jiyva's grace]
 23686 | D:14     | Lost mutation: You expend magic power (3 MP) to strengthen
                  | your wands. [Jiyva's grace]
 23686 | D:14     | Gained mutation: Your flesh is heat resistant. (rF+)
                  | [Jiyva's grace]
 23686 | D:14     | Gained mutation: Your flesh is very heat resistant. (rF++)
                  | [Jiyva's grace]
 23686 | D:14     | Gained mutation: Your flesh is almost immune to the effects
                  | of heat. (rF+++) [Jiyva's grace]
 23686 | D:14     | Gained mutation: You are partially covered in iridescent
                  | scales. (AC +2) [Jiyva's grace]
 24053 | D:15     | Entered Level 15 of the Dungeon
 24552 | D:15     | Found a white marble altar of Elyvilon.
 24552 | D:15     | Found an opulent altar of Gozag.
 24553 | D:15     | Found a hide-covered altar of Uskayaw.
 24718 | D:15     | Noticed a frost giant
 24732 | D:15     | Killed a frost giant
 24733 | D:15     | Reached XP level 16. HP: 94/146 MP: 19/19
 25168 | D:15     | Found the +6 arbalest "Damnation" {damnation}
 25199 | D:15     | Identified the amulet "Icin" {RegenMP Harm Dex-3 Slay+2
                  | Stlth+}
 25382 | D:15     | Found a staircase to the Depths.
 25390 | D:15     | Upgraded the game from 0.29-a0-925-g0a7a3d12f8 to
                  | 0.29-a0-962-gc8bbfd0a37
 25842 | D:5      | Killed Blork the orc
 25849 | D:5      | Found a shimmering blue altar of Sif Muna.
 26021 | Spider:1 | Entered Level 1 of the Spider Nest
 26191 | D:10     | Bought the +3 pair of mountain boots {steadfast, rC+} for
                  | 1038 gold pieces
 26191 | D:10     | Found the +3 pair of mountain boots {steadfast, rC+}
 26594 | Spider:1 | Lost mutation: Armour fits poorly on your large pseudopods.
                  | [Jiyva's grace]
 26594 | Spider:1 | Gained mutation: You have acidic saliva. [Jiyva's grace]
 26594 | Spider:1 | Gained mutation: Your melee attacks may engulf your foes in
                  | ooze. [Jiyva's grace]
 26594 | Spider:1 | Gained mutation: You are somewhat resistant to further
                  | mutation. [Jiyva's grace]
 26594 | Spider:1 | Gained mutation: You are somewhat resistant to both further
                  | mutation and mutation removal. [Jiyva's grace]
 26654 | Spider:1 | Reached skill level 15 in Armour
 26923 | Spider:1 | Reached skill level 15 in Fighting
 26971 | Spider:1 | Reached skill level 15 in Shields
 27759 | Spider:2 | Noticed an acid blob
 27882 | Spider:2 | Reached XP level 17. HP: 151/156 MP: 20/20
 28569 | Spider:3 | Reached skill level 10 in Evocations
 28602 | Spider:3 | Noticed Mara
 28653 | Spider:3 | Killed Mara
 28802 | Spider:3 | Lost mutation: You have razor-sharp toenails. [Jiyva's
                  | grace]
 28802 | Spider:3 | Lost mutation: You are partially covered in iridescent
                  | scales. (AC +2) [Jiyva's grace]
 28802 | Spider:3 | Lost mutation: Your flesh is almost immune to the effects
                  | of heat. (rF+++) [Jiyva's grace]
 28802 | Spider:3 | Lost mutation: You are somewhat resistant to both further
                  | mutation and mutation removal. [Jiyva's grace]
 28802 | Spider:3 | Lost mutation: You are somewhat resistant to further
                  | mutation. [Jiyva's grace]
 28802 | Spider:3 | Lost mutation: Your body has grown many eyes which may
                  | confuse attackers. (Acc +5) [Jiyva's grace]
 28802 | Spider:3 | Lost mutation: Your body has grown eyes which may confuse
                  | attackers. (Acc +3) [Jiyva's grace]
 28802 | Spider:3 | Gained mutation: Your spells are a little harder to cast,
                  | but a little more powerful. [Jiyva's grace]
 28802 | Spider:3 | Gained mutation: Your spells are harder to cast, but more
                  | powerful. [Jiyva's grace]
 28802 | Spider:3 | Gained mutation: Your spells are much harder to cast, but
                  | much more powerful. [Jiyva's grace]
 28802 | Spider:3 | Gained mutation: You expend magic power (3 MP) to
                  | strengthen your wands. [Jiyva's grace]
 29235 | Spider:4 | Entered Level 4 of the Spider Nest
 30023 | Spider:4 | Reached XP level 18. HP: 152/166 MP: 21/21
 30187 | Spider:4 | Got a gossamer rune of Zot
 30400 | Shoals:1 | Entered Level 1 of the Shoals
 30710 | Shoals:1 | Lost mutation: You have a somewhat thin skeletal structure.
                  | (Dex +2, Stealth+) [Jiyva's grace]
 30710 | Shoals:1 | Lost mutation: Your flesh is very heat resistant. (rF++)
                  | [Jiyva's grace]
 30710 | Shoals:1 | Lost mutation: Your spells are much harder to cast, but
                  | much more powerful. [Jiyva's grace]
 30710 | Shoals:1 | Lost mutation: You expend magic power (3 MP) to strengthen
                  | your wands. [Jiyva's grace]
 30710 | Shoals:1 | Gained mutation: Your mind is acute. (Int +4, Str/Dex -1)
                  | [Jiyva's grace]
 30710 | Shoals:1 | Gained mutation: Your mind is very acute. (Int +8, Str/Dex
                  | -2) [Jiyva's grace]
 30710 | Shoals:1 | Gained mutation: You have a small jelly attached to you
                  | that may absorb projectiles. [Jiyva's grace]
 30710 | Shoals:1 | Gained mutation: You are strong-willed. (Will+) [Jiyva's
                  | grace]
 30878 | Shoals:1 | Noticed Donald
 30886 | Shoals:1 | Killed Donald
 31156 | Shoals:2 | Found Qoecyira's Armour Boutique.
 31766 | Shoals:2 | Lost mutation: Your spells are harder to cast, but more
                  | powerful. [Jiyva's grace]
 31766 | Shoals:2 | Gained mutation: You are agile. (Dex +4, Str/Int -1)
                  | [Jiyva's grace]
 31766 | Shoals:2 | Gained mutation: You are very agile. (Dex +8, Str/Int -2)
                  | [Jiyva's grace]
 31766 | Shoals:2 | Gained mutation: Armour fits poorly on your large
                  | pseudopods. [Jiyva's grace]
 31766 | Shoals:2 | Gained mutation: Armour fits poorly on your massive
                  | pseudopods. [Jiyva's grace]
 32087 | Shoals:3 | Identified a scroll of acquirement
 32090 | Shoals:3 | Acquired the +3 pair of gloves of the Sun {Fly rF+ Str+7}
 32112 | Shoals:3 | Identified the +7 quarterstaff "Cebluwn" {flame, rF+ rC+}
 33191 | Shoals:4 | Entered Level 4 of the Shoals
 33871 | Shoals:4 | Reached skill level 15 in Dodging
 33959 | Shoals:4 | Got a barnacled rune of Zot
 34538 | Vaults:1 | Entered Level 1 of the Vaults
 34608 | Vaults:1 | Found a glowing golden altar of the Shining One.
 34608 | Vaults:1 | Found a glowing silver altar of Zin.
 34609 | Vaults:1 | Found a crumbling gateway.
 34610 | Vaults:1 | Found a white marble altar of Elyvilon.
 34641 | Vaults:1 | Reached XP level 19. HP: 150/174 MP: 22/22
 34812 | Desolati | Entered the Desolation of Salt
 34883 | Desolati | Lost mutation: You have a pair of large horns on your head.
                  | [Jiyva's grace]
 34883 | Desolati | Lost mutation: Your mind is very acute. (Int +8, Str/Dex
                  | -2) [Jiyva's grace]
 34883 | Desolati | Lost mutation: Your flesh is heat resistant. (rF+) [Jiyva's
                  | grace]
 34883 | Desolati | Gained mutation: You are partially covered in iridescent
                  | scales. (AC +2) [Jiyva's grace]
 34883 | Desolati | Gained mutation: You are mostly covered in iridescent
                  | scales. (AC +4) [Jiyva's grace]
 34883 | Desolati | Gained mutation: You are completely covered in iridescent
                  | scales. (AC +6) [Jiyva's grace]
 34883 | Desolati | Gained mutation: You are resistant to electric shocks.
                  | (rElec) [Jiyva's grace]
 34939 | Desolati | Identified the ring "Wexeczipn" {Wiz rPois rF+ Int+5
                  | Stlth+}
 34948 | Desolati | Identified the ring of Qamikk {rN+ Will+ Slay+4}
 35000 | Desolati | Identified the +2 acid dragon scales "Lynesuso" {Rampage
                  | rCorr Str+3}
 35159 | Desolati | Identified the +0 scale mail of the Vestibule of Hell
                  | {rPois rF+ Dex+2 Stlth-}
 35590 | Vaults:1 | Reached skill level 15 in Maces & Flails
 36268 | Vaults:2 | Found a transporter.
 36281 | Vaults:2 | Found a transporter.
 36367 | Vaults:2 | Lost mutation: You are completely covered in iridescent
                  | scales. (AC +6) [Jiyva's grace]
 36367 | Vaults:2 | Lost mutation: You have a small jelly attached to you that
                  | may absorb projectiles. [Jiyva's grace]
 36367 | Vaults:2 | Lost mutation: Your melee attacks may engulf your foes in
                  | ooze. [Jiyva's grace]
 36367 | Vaults:2 | Gained mutation: You have a small jelly attached to you
                  | that senses nearby items. [Jiyva's grace]
 36367 | Vaults:2 | Gained mutation: You expend magic power (3 MP) to
                  | strengthen your wands. [Jiyva's grace]
 36367 | Vaults:2 | Gained mutation: You are highly strong-willed. (Will++)
                  | [Jiyva's grace]
 36367 | Vaults:2 | Gained mutation: You are extremely strong-willed. (Will+++)
                  | [Jiyva's grace]
 36445 | Vaults:2 | Identified the +7 dagger of the Dragonfly {venom, +Blink
                  | rPois Will- Int+4}
 37122 | Vaults:2 | Acquired a manual of Dodging
 37377 | Vaults:3 | Lost mutation: You are very agile. (Dex +8, Str/Int -2)
                  | [Jiyva's grace]
 37377 | Vaults:3 | Lost mutation: You are agile. (Dex +4, Str/Int -1) [Jiyva's
                  | grace]
 37377 | Vaults:3 | Lost mutation: You are resistant to electric shocks.
                  | (rElec) [Jiyva's grace]
 37377 | Vaults:3 | Lost mutation: Your spells are a little harder to cast, but
                  | a little more powerful. [Jiyva's grace]
 37377 | Vaults:3 | Lost mutation: You have acidic saliva. [Jiyva's grace]
 37377 | Vaults:3 | Lost mutation: You have a small jelly attached to you that
                  | senses nearby items. [Jiyva's grace]
 37377 | Vaults:3 | Gained mutation: Your rubbery body absorbs attacks. (AC +1,
                  | EV +1) [Jiyva's grace]
 37377 | Vaults:3 | Gained mutation: Your pliable body absorbs attacks. (AC +2,
                  | EV +2) [Jiyva's grace]
 37377 | Vaults:3 | Gained mutation: Your gelatinous body deflects attacks. (AC
                  | +3, EV +3) [Jiyva's grace]
 37377 | Vaults:3 | Gained mutation: You have acidic saliva. [Jiyva's grace]
 37403 | Vaults:3 | Found a portal to a secret trove of treasure.
 37427 | Trove    | Entered a treasure trove
 37431 | Trove    | Identified the ring of Lady Luck {rPois rF++ Int+4}
 37433 | Trove    | Identified the ring "Ivugyesk" {*Corrode rElec Dex+6
                  | Stlth+}
 37441 | Trove    | Identified the ring "Tune" {Fly Int+4}
 37456 | Trove    | Identified the amulet "Hoirhaeh" {Spirit Harm rC+ Slay+4}
 37458 | Trove    | Identified the ring "Hempu" {rN+ rCorr Int+3}
 37775 | Vaults:3 | Reached XP level 20. HP: 77/187 MP: 23/23
 38660 | Vaults:3 | Noticed Frederick
 38759 | Vaults:3 | Killed Frederick
 39030 | Vaults:3 | Found a staircase to the Crypt.
 39261 | Vaults:4 | Reached skill level 15 in Throwing
 40454 | Elf:1    | Entered Level 1 of the Elven Halls
 40558 | Elf:1    | Lost mutation: You have sharp toenails. [Jiyva's grace]
 40558 | Elf:1    | Lost mutation: Your gelatinous body deflects attacks. (AC
                  | +3, EV +3) [Jiyva's grace]
 40558 | Elf:1    | Lost mutation: Your pliable body absorbs attacks. (AC +2,
                  | EV +2) [Jiyva's grace]
 40558 | Elf:1    | Lost mutation: Armour fits poorly on your massive
                  | pseudopods. [Jiyva's grace]
 40558 | Elf:1    | Gained mutation: You have a pair of large horns on your
                  | head. [Jiyva's grace]
 40558 | Elf:1    | Gained mutation: Your flesh is cold resistant. (rC+)
                  | [Jiyva's grace]
 40558 | Elf:1    | Gained mutation: Your flesh is very cold resistant. (rC++)
                  | [Jiyva's grace]
 40558 | Elf:1    | Gained mutation: Your flesh is almost immune to the effects
                  | of cold. (rC+++) [Jiyva's grace]
 40633 | Elf:1    | Reached skill level 1 in Stealth
 40853 | Elf:1    | Reached XP level 21. HP: 181/195 MP: 24/24
 40980 | Elf:1    | Got the Anthology of Collective Concussion
 41340 | Elf:2    | Paralysed by an air elemental for 1 turns
 41353 | Elf:2    | Found Byffuis's Antique Armour Emporium.
 41577 | Elf:2    | Found a runed translucent gate.
 41578 | Elf:2    | Found a runed translucent gate.
 41578 | Elf:2    | Found a runed translucent gate.
 41710 | Elf:2    | Lost mutation: Your mind is acute. (Int +4, Str/Dex -1)
                  | [Jiyva's grace]
 41710 | Elf:2    | Lost mutation: Your flesh is almost immune to the effects
                  | of cold. (rC+++) [Jiyva's grace]
 41710 | Elf:2    | Lost mutation: You are extremely strong-willed. (Will+++)
                  | [Jiyva's grace]
 41710 | Elf:2    | Lost mutation: You expend magic power (3 MP) to strengthen
                  | your wands. [Jiyva's grace]
 41710 | Elf:2    | Gained mutation: Your body has grown eyes which may confuse
                  | attackers. (Acc +3) [Jiyva's grace]
 41710 | Elf:2    | Gained mutation: Your body has grown many eyes which may
                  | confuse attackers. (Acc +5) [Jiyva's grace]
 41710 | Elf:2    | Gained mutation: Your body is covered in eyes which may
                  | confuse attackers. (Acc +7, SInv) [Jiyva's grace]
 41710 | Elf:2    | Gained mutation: You possess an exceptional clarity of
                  | mind. [Jiyva's grace]
 41919 | Elf:3    | Entered Level 3 of the Elven Halls
 41957 | Elf:3    | Found a flickering gateway to a bazaar.
 41973 | Bazaar   | Entered a bazaar
 41994 | Bazaar   | Found Acicwix's Jewellery Shoppe.
 42010 | Bazaar   | Found Qaj Awau's Antique Weapon Shoppe.
 42010 | Bazaar   | Found Osytejaw's Weapon Emporium.
 42032 | Bazaar   | Found Weiteu's Jewellery Shoppe.
 42032 | Bazaar   | Found Esoudghy's Book Emporium.
 42156 | Elf:3    | Noticed Bai Suzhen
 42208 | Elf:3    | Slimified Bai Suzhen
 42208 | Elf:3    | Noticed Bai Suzhen
 42208 | Elf:3    | Bai Suzhen changed into Bai Suzhen the acid blob
 42240 | Elf:3    | Noticed Asterion
 42257 | Elf:3    | Killed Asterion
 42418 | Elf:3    | Identified the ring of the Hart {rPois Str+3}
 42525 | Elf:3    | Identified the +1 scale mail "Ocepanecs" {Int+5 Dex+2}
 42542 | Elf:3    | Identified the amulet "Quzud" {Reflect rF++ rC+ Regen+
                  | rCorr SH+5}
 42787 | Elf:3    | Lost mutation: You have a pair of large horns on your head.
                  | [Jiyva's grace]
 42787 | Elf:3    | Lost mutation: Your flesh is very cold resistant. (rC++)
                  | [Jiyva's grace]
 42787 | Elf:3    | Lost mutation: Armour fits poorly on your large pseudopods.
                  | [Jiyva's grace]
 42787 | Elf:3    | Gained mutation: Your muscles are strong. (Str +4, Int/Dex
                  | -1) [Jiyva's grace]
 42787 | Elf:3    | Gained mutation: Your muscles are very strong. (Str +8,
                  | Int/Dex -2) [Jiyva's grace]
 42787 | Elf:3    | Gained mutation: You have an increased reservoir of magic.
                  | (+10% MP) [Jiyva's grace]
 42787 | Elf:3    | Gained mutation: You have a considerably increased
                  | reservoir of magic. (+20% MP) [Jiyva's grace]
 42977 | Elf:3    | Identified the +12 long sword "Ycus Cir" {vorpal, Will+}
 43016 | Elf:3    | Identified the amulet of Foik {Faith rElec rC++ rN+ Int+3}
 43590 | Depths:1 | Entered Level 1 of the Depths
 43590 | Depths:1 | Noticed Nikola
 43592 | Depths:1 | Slimified Nikola
 43592 | Depths:1 | Noticed Nikola
 43592 | Depths:1 | Nikola changed into Nikola the azure jelly
 43679 | Depths:1 | Found a gateway to Hell.
 43716 | Depths:1 | Found a magical portal.
 43725 | WizLab   | Entered Lehudib's Moon Base
 43996 | WizLab   | Identified the ring "Dompiana" {Contam rElec Str+4 SInv}
 44018 | WizLab   | Found a transporter.
 44046 | WizLab   | Lost intelligence.
 44047 | WizLab   | Gained mutation: You are dopey. (Int -2) [a neqoxec]
 44245 | WizLab   | Found a transporter.
 44455 | WizLab   | Reached skill level 5 in Stealth
 44527 | WizLab   | Reached XP level 22. HP: 197/206 MP: 30/30
 44917 | WizLab   | Identified the ring "Goiwnulu" {rC++ rCorr}
 45271 | Depths:1 | Found a hide-covered altar of Uskayaw.
 45553 | Depths:2 | Found the +3 pair of seven-league boots {Rampage+∞}
 45597 | Depths:2 | Noticed a juggernaut
 45616 | Depths:2 | Killed a juggernaut
 45629 | Depths:2 | Noticed a golden dragon
 45695 | Depths:1 | Killed a golden dragon
 46008 | Depths:2 | Found a one-way gateway to a ziggurat.
 46234 | Depths:2 | Found a sparkling altar of Nemelex Xobeh.
 46456 | Depths:2 | Lost mutation: You are mostly covered in iridescent scales.
                  | (AC +4) [Jiyva's grace]
 46456 | Depths:2 | Lost mutation: You are partially covered in iridescent
                  | scales. (AC +2) [Jiyva's grace]
 46456 | Depths:2 | Lost mutation: Your flesh is cold resistant. (rC+) [Jiyva's
                  | grace]
 46456 | Depths:2 | Lost mutation: You have acidic saliva. [Jiyva's grace]
 46456 | Depths:2 | Lost mutation: Your body is covered in eyes which may
                  | confuse attackers. (Acc +7, SInv) [Jiyva's grace]
 46456 | Depths:2 | Lost mutation: Your rubbery body absorbs attacks. (AC +1,
                  | EV +1) [Jiyva's grace]
 46456 | Depths:2 | Gained mutation: You have hidden genetic potential.
                  | [Jiyva's grace]
 46456 | Depths:2 | Gained mutation: You have great hidden genetic potential.
                  | [Jiyva's grace]
 46456 | Depths:2 | Lost intelligence.
 46456 | Depths:2 | Gained mutation: You are agile. (Dex +4, Str/Int -1)
                  | [Jiyva's grace]
 46456 | Depths:2 | Gained mutation: You are very agile. (Dex +8, Str/Int -2)
                  | [Jiyva's grace]
 46486 | Depths:2 | Found a one-way gate leading to the halls of Pandemonium.
 46518 | Depths:2 | You are sucked into a shaft and drop 2 floors!
 46518 | Depths:4 | Entered Level 4 of the Depths
 46845 | Depths:3 | Identified the +1 cloak of the Old World {+Blink rC+ Str-4
                  | Slay+2}
 46861 | Depths:3 | Noticed a juggernaut
 46900 | Depths:3 | Killed a juggernaut
 46909 | Depths:3 | Reached XP level 23. HP: 215/215 MP: 31/31
 47267 | Depths:3 | Found a flickering gateway to a bazaar.
 47276 | Bazaar   | Entered a bazaar
 47276 | Bazaar   | Found Engeb's Antique Armour Shoppe.
 47276 | Bazaar   | Found Vakhloer's General Store.
 47278 | Bazaar   | Found Yliecuev's Magic Scroll Shoppe.
 47288 | Bazaar   | Bought a scroll of magic mapping for 105 gold pieces
 47299 | Bazaar   | Bought the +0 pair of fencer's gloves {Riposte Dex+3} for
                  | 1120 gold pieces
 47299 | Bazaar   | Found the +0 pair of fencer's gloves {Riposte Dex+3}
 47311 | Bazaar   | Found Sudwy's Antique Weapon Emporium.
 47315 | Bazaar   | Bought a scroll of blinking for 105 gold pieces
 47315 | Bazaar   | Bought a potion of magic for 112 gold pieces
 47315 | Bazaar   | Bought a scroll of blinking for 105 gold pieces
 47797 | Depths:3 | Noticed a juggernaut
 47968 | Depths:3 | Noticed a juggernaut
 48017 | Depths:3 | Found a one-way gate to the infinite horrors of the Abyss.
 48161 | Depths:3 | Killed a juggernaut
 48210 | Depths:3 | Killed a juggernaut
 48236 | Depths:3 | Noticed a juggernaut
 48249 | Depths:3 | Killed a juggernaut
 48380 | Depths:4 | Gained mutation: Your natural rate of healing is unusually
                  | fast. [hidden potential]
 48506 | Depths:4 | Found a shadowy altar of Dithmenos.
 48791 | Depths:4 | Found a gate to the Realm of Zot.
 49267 | Vaults:5 | Entered Level 5 of the Vaults
 49273 | Vaults:5 | Reached skill level 15 in Evocations
 49344 | Vaults:5 | Reached XP level 24. HP: 212/226 MP: 31/31
 49736 | Vaults:5 | Lost mutation: You are very agile. (Dex +8, Str/Int -2)
                  | [Jiyva's grace]
 49736 | Vaults:5 | Lost mutation: Your natural rate of healing is unusually
                  | fast. [Jiyva's grace]
 49736 | Vaults:5 | Lost mutation: Your muscles are very strong. (Str +8,
                  | Int/Dex -2) [Jiyva's grace]
 49736 | Vaults:5 | Gained mutation: Your flesh is cold resistant. (rC+)
                  | [Jiyva's grace]
 49736 | Vaults:5 | Gained mutation: Your flesh is very cold resistant. (rC++)
                  | [Jiyva's grace]
 49736 | Vaults:5 | Gained mutation: Your flesh is almost immune to the effects
                  | of cold. (rC+++) [Jiyva's grace]
 49736 | Vaults:5 | Gained mutation: Your spells are a little harder to cast,
                  | but a little more powerful. [Jiyva's grace]
 49829 | Vaults:5 | Identified the ring of Ecyonomi {*Slow rPois rF+ Str+7
                  | Stlth+}
 49849 | Vaults:5 | Identified the +2 pair of gloves of Fedhas's Scorn {Str-2
                  | Int+3 SInv}
 49851 | Vaults:5 | Identified the +6 dagger of False Accusations {venom,
                  | Fragile rN+++ Will+ rCorr}
 50033 | Vaults:5 | Found the +8 whip "Snakebite" {venom, curare, rPois}
 50058 | Vaults:5 | Got a silver rune of Zot
 50141 | Vaults:5 | Identified the amulet "Epiekiopt" {Spirit rF+ SInv}
 50401 | Vaults:5 | Identified the +0 ring mail of Noumu {rElec}
 51174 | Zot:1    | Entered Level 1 of the Realm of Zot
 51176 | Zot:1    | Noticed an orb of fire
 51180 | Zot:1    | Gained mutation: You are very dopey. (Int -4) [an orb of
                  | fire]
 51190 | Zot:1    | Gained mutation: You are occasionally teleported next to
                  | monsters. [an orb of fire]
 51191 | Zot:1    | Lost mutation: You are highly strong-willed. (Will++) [an
                  | orb of fire]
 51194 | Zot:1    | Gained mutation: Your body sometimes deteriorates upon
                  | taking damage. [an orb of fire]
 51195 | Zot:1    | Gained mutation: You occasionally lose the ability to read
                  | scrolls when taking damage. [an orb of fire]
 51197 | Zot:1    | Killed an orb of fire
 51207 | Depths:4 | Lost mutation: Your body has grown many eyes which may
                  | confuse attackers. (Acc +5) [potion of mutation]
 51207 | Depths:4 | Lost mutation: Your muscles are strong. (Str +4, Int/Dex
                  | -1) [potion of mutation]
 51207 | Depths:4 | Lost mutation: You have great hidden genetic potential.
                  | [potion of mutation]
 51207 | Depths:4 | Lost mutation: You are strong-willed. (Will+) [potion of
                  | mutation]
 51207 | Depths:4 | Lost mutation: You possess an exceptional clarity of mind.
                  | [potion of mutation]
 51208 | Depths:4 | Lost mutation: Armour fits poorly on your pseudopods.
                  | [potion of mutation]
 51208 | Depths:4 | Lost mutation: Your body sometimes deteriorates upon taking
                  | damage. [potion of mutation]
 51209 | Depths:4 | Lost mutation: Your body has grown eyes which may confuse
                  | attackers. (Acc +3) [potion of mutation]
 51209 | Depths:4 | Lost mutation: You are agile. (Dex +4, Str/Int -1) [potion
                  | of mutation]
 51209 | Depths:4 | Gained mutation: You possess an exceptional clarity of
                  | mind. [potion of mutation]
 51209 | Depths:4 | Gained mutation: Your natural rate of healing is unusually
                  | fast. [potion of mutation]
 51209 | Depths:4 | Gained mutation: You have a pair of large horns on your
                  | head. [potion of mutation]
 51210 | Depths:4 | Lost mutation: You possess an exceptional clarity of mind.
                  | [potion of mutation]
 51210 | Depths:4 | Lost mutation: You have a considerably increased reservoir
                  | of magic. (+20% MP) [potion of mutation]
 51210 | Depths:4 | Lost mutation: Your natural rate of healing is unusually
                  | fast. [potion of mutation]
 51210 | Depths:4 | Lost mutation: You are occasionally teleported next to
                  | monsters. [potion of mutation]
 51210 | Depths:4 | Lost mutation: You are very dopey. (Int -4) [potion of
                  | mutation]
 51210 | Depths:4 | Gained mutation: Your movements are slightly less
                  | encumbered by armour. (ER -2) [potion of mutation]
 51263 | Zot:1    | Gained mutation: Your system is resistant to poisons.
                  | (rPois) [hidden potential]
 51263 | Zot:1    | Lost mutation: You have hidden genetic potential. [hidden
                  | potential expressed]
 51405 | Zot:1    | Noticed Grunn
 51421 | Zot:1    | HP: 1/228 [red draconian scorcher/damnation[a black
                  | draconian knight] (35)]
 51423 | Zot:1    | Killed from afar by a red draconian scorcher

Illustrated notes

Levels and vault maps discovered:
D:1:      moated_graveyard_arrival, layout_basic, basic_ecumenical_altar,
          hangedman_decor_lopped
D:2:      layout_rooms, serial_co_window_serial, co_window_of_opportunity_a,
          co_window_paths_b, co_window_of_opportunity_a, co_window_paths_b,
          co_window_paths_a, co_window_corner_b, co_window_corner_ca,
          co_window_2corner, co_window_4corner_b, co_window_sun,
          glass_columns_c, glass_columns_b, glass_columns_b
D:3:      layout_loops_corners, chequers_serial_rivers_room_a
D:4:      minmay_spotlight, layout_basic, chequers_ossuary_entry_cave
D:5:      minmay_general_purpose_star, layout_loops_ring, tgw_sif, serial_shops,
          shop_fountains
D:6:      layout_rooms, portal_sewer_entry_f
D:7:      cheibrodos_shockbox, layout_rooms, mainiacjoe_overflow_tiny_flanked,
          okawaru_humans, minmay_temple_entry_proselytizer, serial_undead,
          serial_undead_c, serial_undead_e, serial_undead_c, serial_undead_b,
          enter_bailey_8, hangedman_abyss_or_decor_jellyfish_corner
D:8:      layout_cave_pools, riverfiend_overflow_shadow_ancestor,
          kennysheep_mini, mainiacjoe_overflow_small_starburst, uniq_pikel,
          uniq_maggie
D:9:      layout_cave_pools, gammafunk_temple_overflow_elements
D:10:     layout_roguey, lemuel_tele_altar, dpeg_oklobed_lair, serial_glass,
          glass_columns_c, glass_columns_c, serial_shops,
          nicolae_shop_behind_doors, nicolae_hexahallways
D:11:     layout_roguey, hiddenorc2_lemuel, uniq_erolcha
D:12:     layout_irregular_city, serial_shops,
          nicolae_shop_bloodbath_and_beyond, roderic_serpentine_path,
          nicolae_ru_path_of_blood
D:13:     layout_cave_pods, skrybe_vaults_entry_preservation, drop_trap,
          chequers_serial_rivers_micro_d, kennysheep_cross_room
D:14:     layout_cave_pools, hex_medium, uniq_snorg
D:15:     hangedman_slaughterboxes
Temple:   hellmonk_temple_two_chambers
Lair:1:   layout_cave_pods, gammafunk_ghost_ooze,
          nicolae_lair_run_with_the_wolves, infiniplex_staircase_pool_2
Lair:2:   layout_gridlike, minmay_shoals_entry_hut, dummy_spider_entry
Lair:3:   layout_concentric_octagons, enter_volcano_1
Lair:4:   beast_lair_carwin_large_1, layout_cave_pods, slime_entry_1,
          grunt_megastairs_1
Lair:5:   hangedman_lair_in_review, layout_regular_city,
          hangedman_lair_tendril_chambers
Shoals:1: layout_shoals, nzn_prometheus_bound, uniq_donald
Shoals:2: layout_shoals, serial_shops, nicolae_shop_hallway_plus,
          nicolae_shoals_dead_sea_scrolls
Shoals:3: layout_shoals
Shoals:4: shoals_end_simple, layout_shoals
Spider:1: layout_spider_delve
Spider:2: layout_spider_delve, nicolae_spider_cling_ruins,
          nicolae_spider_acid_house
Spider:3: nicolae_spider_corner, drop_trap, uniq_mara
Spider:4: hellmonk_spider_rune_bug_friends
Slime:1:  layout_caves
Slime:2:  layout_caves, cheibrodos_slime_lost_civilization_7
Slime:3:  layout_caves
Slime:4:  layout_caves, nicolae_slime_welcoming_committee
Slime:5
Orc:1:    lemuel_ogre_cave, layout_diamond_mine, guppyfry_library_mini
Orc:2:    pubby_orc_utopia
Elf:1:    eino_elf_arrival_shootout, layout_geoelf_octagon, minmay_elf_sorcery
Elf:2:    nicolae_elf_blades_crystal_corner, layout_geoelf_octagon,
          serial_shops, shop_fountains
Elf:3:    minmay_elf_hall_furrowed, layout_onion_city, serial_shops,
          bzr_entry_safe, uniq_asterion, uniq_bai_suzhen
Vaults:1: portal_desolation_entry_holy_temple, v_misc_27,
          nicolae_vaults_bisected_exclaves,
          vaults_room_grunt_arrival_checkpoint, hangedman_vaults_corner,
          nicolae_vaults_shelves_hall, vaults_room_corners, v_rooms_5,
          vaults_room_grid, layout_vaults_big_room
Vaults:2: hangedman_vaults_pinch, gammafunk_sealed_arena,
          nicolae_vaults_shelves_hall, ontoclasm_vaults_chip,
          nicolae_vaults_little_squares_4, layout_vaults_omnigrid, uniq_margery
Vaults:3: vaults_mumra_chevron_long, minmay_crypt_entry_simple_statues,
          v_misc_33, nicolae_vaults_mini_display_case, hangedman_vaults_slice,
          ontoclasm_vaults_decontamination, hangedman_vaults_locks,
          nicolae_vaults_an_arrangement, grunt_vaults_hallway_short,
          nicolae_vaults_little_squares_3, ontoclasm_vaults_pinch,
          nicolae_vaults_theta, layout_vaults_omnibox,
          nicolae_trove_entry_crystal, uniq_frederick
Vaults:4: v_pattern_4, hangedman_vaults_restitches,
          nicolae_vaults_little_squares_5, v_misc_19, v_misc_26,
          grunt_vaults_hallway_short, nicolae_vaults_fighting_squares,
          ontoclasm_vaults_loading_screen, vaults_room_pool,
          hangedman_vaults_cutoff, vaults_room_door_hall,
          layout_vaults_maze_bifur
Vaults:5
Depths:1: layout_gridville, hell_entry, mu_enter_wizlab_4, nicolae_sextant,
          nicolae_uskayaw_en_pointe, grunt_megastairs_3, uniq_nikola
Depths:2: minmay_crescents, layout_gridlike, enter_ziggurat_f, pan_entry,
          hangedman_geh_valley, nemelex_lonely_heart_becter
Depths:3: lemuel_castle_with_subvaults [lemuel_castle_interior_carwin_3],
          layout_honeycomb, hangedman_decor_riveting, serial_glass,
          glass_columns_b, glass_columns_a, glass_columns_a, glass_columns_b,
          glass_columns_a, glass_columns_c, serial_shops, bzr_firewalk,
          pan_entry, hangedman_coc_ice_floe, minmay_room_of_horrors
Depths:4: evilmike_zot_entry_round, layout_cave_pools, hell_entry,
          abyss_entry_small_statue_room, rand_demon_pan_entry_1,
          grunt_dithmenos_smoke_and_mirrors
Zot:1:    grunt_deathspiral_small, layout_cathedral_of_symmetry,
          nicolae_transporter_intersection, uniq_grunn

Skill      XL: |  1  2  3  4  5  6  7  8  9 10 11 12 13 14 15 16 17 18 19 20 21 22 23 24 |
---------------+-------------------------------------------------------------------------+-----
Fighting       | 4 5 6 8 9 10 11 13 14 15 16 17 18 19 20 21 | 21.4
Armour         | 4 5 6 7 9 10 11 12 13 14 15 16 17 18 19 20 21 | 21.5
Shields        | 4 5 6 7 9 10 11 12 13 14 15 16 17 18 19 20 21 | 21.5
Maces & Flails | 4 5 6 8 9 10 11 12 13 14 15 16 | 16.0
Dodging        | 1 2 3 4 5 7 8 9 10 11 12 13 14 15 16 17 19 20 21 | 21.9
Throwing       | 1 2 3 4 5 6 7 8 9 10 11 12 13 14 15 16 17 18 | 18.1
Invocations    | 2 4 5 |  5.7
Evocations     | 2 4 5 7 8 9 10 11 12 13 14 15 | 15.5
Stealth        | 1 5 6 8 9 |  9.6

Action                   |  1- 3 |  4- 6 |  7- 9 | 10-12 | 13-15 | 16-18 | 19-21 | 22-24 || total
-------------------------+-------+-------+-------+-------+-------+-------+-------+-------++-------
Melee: Flail             |    43 |       |       |       |       |       |       |       ||    43
       Headbutt          |     8 |    28 |    39 |   149 |   405 |   424 |   460 |   600 ||  2113
       Demon whip        |    33 |   159 |   261 |   640 |  1373 |   157 |       |       ||  2623
       Bite              |       |       |       |    25 |    39 |   211 |   254 |    71 ||   600
       Pseudopods        |       |       |       |       |   236 |   415 |   372 |   526 ||  1549
       Kick              |       |       |       |       |   182 |   113 |       |       ||   295
       Morningstar       |       |       |       |       |       |  1138 |  1305 |  1221 ||  3664
Throw: Stone             |       |       |       |     4 |     1 |       |       |       ||     5
       Boomerang         |       |       |       |       |     1 |    38 |     5 |     1 ||    45
Invok: Recall Undead Har |       |       |       |     1 |       |       |       |       ||     1
       Dark Bargain      |       |       |       |     2 |       |       |       |       ||     2
       Slimify           |       |       |       |       |     2 |     1 |     2 |       ||     5
       Oozemancy         |       |       |       |       |       |     1 |       |       ||     1
  Use: Scroll            |       |       |    10 |    11 |    12 |     8 |     5 |     2 ||    48
       Potion            |       |       |     1 |       |     2 |     5 |       |     5 ||    13
 Stab: Distracted        |       |       |       |     4 |       |       |     5 |     2 ||    11
       Confused          |       |       |       |       |    19 |    35 |       |    38 ||    92
       Sleeping          |       |       |       |       |       |       |     2 |       ||     2
Armor: Scale mail        |    38 |    24 |       |       |       |       |       |       ||    62
       Plate armour      |       |    35 |    98 |   244 |   309 |   686 |   208 |       ||  1580
       Shadow dragon sca |       |       |       |       |       |       |   109 |   145 ||   254
       Gold dragon scale |       |       |       |       |       |       |       |   109 ||   109
Dodge: Dodged            |    29 |    38 |    67 |   196 |   376 |  1158 |   719 |   634 ||  3217
Block: Buckler           |    12 |    18 |    49 |   131 |   307 |   571 |       |       ||  1088
       Kite shield       |       |       |       |       |       |   319 |   992 |   905 ||  2216
       Reflection        |       |       |       |       |       |       |     4 |    20 ||    24
       Tower shield      |       |       |       |       |       |       |       |   304 ||   304
       Rpst.: Morningstar |       |       |       |       |       |       |       |   194 ||   194

Table legend: (Time is in decaauts)
 A = Elapsed time spent in this place.
 B = Non-inter-level travel time spent in this place.
 C = Inter-level travel time spent in this place.
 D = Time resting spent in this place.
 E = Time spent auto-exploring this place.
 F = Levels seen in this place.
 G = Mean time per level.
                   A        B        C        D        E       F      G
               +--------+--------+--------+--------+--------+-----+--------+
         Total |  50316 |  45163 |   5153 |   2628 |  29392 |  57 |  882.7 |
       Dungeon |  14110 |  12246 |   1864 |    809 |   8404 |  15 |  940.7 |
        Temple |     43 |     43 |      0 |      0 |     10 |   1 |   43.0 |
          Lair |   7042 |   5838 |   1204 |    288 |   4193 |   5 | 1408.4 |
        Shoals |   4063 |   3757 |    306 |    129 |   2755 |   4 | 1015.8 |
   Spider Nest |   3926 |   3555 |    371 |    319 |   2068 |   4 |  981.5 |
    Slime Pits |   1313 |   1114 |    199 |      0 |    872 |   5 |  262.6 |
  Orcish Mines |   2491 |   2274 |    217 |     19 |   1604 |   2 | 1245.5 |
   Elven Halls |   2662 |   2507 |    155 |     69 |   1450 |   3 |  887.3 |
        Vaults |   6766 |   6161 |    605 |    295 |   3879 |   5 | 1353.2 |
        Depths |   3999 |   3771 |    228 |    182 |   2371 |   4 |  999.8 |
           Zot |    219 |    219 |      0 |      0 |     94 |   1 |  219.0 |
        Bazaar |    139 |    139 |      0 |      0 |     99 |   2 |   69.5 |
         Trove |     39 |     39 |      0 |      0 |      0 |   1 |   39.0 |
         Sewer |    229 |    229 |      0 |      0 |    159 |   1 |  229.0 |
       Ossuary |    448 |    448 |      0 |     11 |    264 |   1 |  448.0 |
        Bailey |    841 |    841 |      0 |    354 |    149 |   1 |  841.0 |
        Wizlab |   1427 |   1427 |      0 |    150 |    699 |   1 | 1427.0 |
    Desolation |    552 |    552 |      0 |      0 |    319 |   1 |  552.0 |
               +--------+--------+--------+--------+--------+-----+--------+

Top non-repeatable levels by time:
  Lair:5: 1837 daAuts
  Lair:1: 1624 daAuts
   Orc:2: 1608 daAuts
Vaults:3: 1580 daAuts
    D:15: 1512 daAuts
  WizLab: 1427 daAuts
  Lair:4: 1419 daAuts
Vaults:1: 1350 daAuts
Vaults:2: 1335 daAuts
Depths:3: 1308 daAuts
Vaults:5: 1279 daAuts
Vaults:4: 1221 daAuts
    D:10: 1219 daAuts
   Elf:3: 1218 daAuts
     D:5: 1209 daAuts
